Map: King Sejong Station LE

Players

blackxored

  • Race: Zerg Zerg
  • League: Diamond

Dreadlord - Winner!

  • Race: Protoss Protoss
  • League: Platinum

VOD

Have the link to the VOD?

Description

Time

  • Played on: July 2, 2016, 3:18 a.m.
  • Length: 8:03
Show
View Real Time Build Order
Export as new Build Order

blackxored Zerg 

Build Orders: Hatch First 

Get SALT Encoding   

  12  0:01  Drone  
  13  0:08  Drone  
  14  0:18  Overlord  
  14  0:23  Extractor  
  14  0:24  Drone  
  15  0:37  Drone x2  
  17  0:56  Hatchery  
  16  0:58  Drone  
  16  1:00  Drone  
  18  1:12  Extractor  
  18  1:16  Spawning Pool  
  18  1:18  Drone  
  17  1:21  Drone  
  18  1:27  Drone  
  19  1:38  Drone  
  20  1:49  Overlord  
  20  1:58  Hatchery  
  19  2:04  Zergling x2  
  20  2:08  Queen  
  20  2:12  Zergling x2  
  23  2:18  Metabolic Boost  
  23  2:27  Drone x2  
  25  2:32  Overlord  
  25  2:43  Drone x3  
  28  2:45  Drone  
  29  2:53  Queen  
  31  3:09  Drone x3  
  31  3:10  Drone  
  31  3:12  Queen  
  35  3:17  Pneumatized Carapace  
  37  3:29  Drone x3  
  37  3:30  Drone x2  
  37  3:31  Drone  
  43  3:40  Evolution Chamber  
  42  3:45  Baneling Nest, Roach Warren  
  42  3:46  Evolution Chamber  
  41  3:48  Drone  
  41  3:49  Drone  
  41  3:50  Drone x2  
  41  3:53  Overlord  
  45  3:58  Drone  
  45  3:59  Drone x2  
  45  4:02  Drone x2  
  50  4:13  Drone  
  50  4:14  Drone x5  
  50  4:15  Drone  
  57  4:19  Drone  
  57  4:21  Extractor, Drone  
  58  4:24  Zerg Melee Weapons Level 1  
  58  4:40  Overlord x2  
  58  4:45  Lair  
  58  5:00  Drone  
  58  5:02  Drone x2  
  58  5:06  Drone x2  
  63  5:09  Zergling x10  
  63  5:10  Zergling x8  
  72  5:20  Hatchery  
  71  5:25  Extractor  
  71  5:26  Zergling x8  
  74  5:28  Extractor  
  74  5:33  Overlord x2  
  73  5:38  Extractor, Drone x2  
  73  5:40  Extractor  
  73  5:46  Baneling x9  
  73  5:47  Baneling x2  
  73  5:54  Zergling x2  
  73  5:55  Zergling x18  
  80  5:57  Baneling x3  
  80  5:58  Baneling  
  79  6:07  Overlord x2  
  79  6:15  Baneling x3  
  76  6:22  Baneling x2  
  76  6:23  Baneling  
  76  6:39  Zergling x6  
  74  6:40  Zergling x14  
  66  6:48  Zergling x10  
  53  7:07  Zergling x8  
  15  7:32  Drone x4  
  17  7:51  Drone  
Show
View Real Time Build Order
Export as new Build Order

Dreadlord Protoss - Winner!

Build Orders: 1 Gate Expand 

Get SALT Encoding   

  12  0:00  Probe (Chrono Boost)  
  13  0:11  Probe (Chrono Boost)  
  14  0:18  Pylon  
  14  0:22  Probe (Chrono Boost)  
  15  0:37  Gateway, Probe (Chrono Boost)  
  16  0:47  Probe (Chrono Boost)  
  16  0:48  Assimilator  
  17  0:58  Probe (Chrono Boost)  
  18  1:08  Probe (Chrono Boost)  
  19  1:20  Probe (Chrono Boost)  
  20  1:26  Nexus  
  20  1:30  Probe (Chrono Boost)  
  21  1:36  Cybernetics Core  
  21  1:44  Probe (Chrono Boost)  
  22  1:54  Probe (Chrono Boost)  
  22  1:56  Assimilator  
  23  2:07  Gateway  
  23  2:11  Pylon  
  23  2:15  Warp Gate (Chrono Boost)  
  23  2:29  Adept, Probe  
  25  2:39  Probe  
  25  2:44  Pylon  
  26  2:45  Pylon  
  26  2:50  Probe  
  26  2:52  Pylon  
  26  2:53  Probe  
  26  2:56  Sentry  
  30  3:00  Probe  
  31  3:06  Gateway  
  31  3:09  Probe  
  31  3:12  Probe  
  33  3:21  Mothership Core  
  33  3:23  Robotics Facility  
  35  3:43  Pylon  
  35  3:45  Stalker  
  35  3:46  Adept  
  35  3:47  Probe  
  35  3:48  Probe  
  41  3:58  Gateway, Probe (Chrono Boost)  
  41  4:00  Probe (Chrono Boost)  
  41  4:01  Pylon  
  43  4:10  Immortal (Chrono Boost)  
  47  4:18  Probe  
  47  4:20  Probe  
  49  4:25  Stalker  
  51  4:39  Adept, Stalker  
  51  4:45  Warp Prism (Chrono Boost), Probe  
  57  4:46  Probe  
  57  4:51  Assimilator  
  59  4:53  Stalker  
  59  4:55  Assimilator  
  59  4:59  Probe  
  62  5:00  Stalker  
  62  5:06  Sentry x2  
  68  5:09  Probe  
  68  5:11  Probe  
  70  5:16  Forge  
  70  5:20  Probe  
  70  5:22  Pylon  
  70  5:23  Probe  
  72  5:30  Probe  
  72  5:35  Probe  
  74  5:55  Adept  
  74  5:56  Adept x3  
  82  6:02  Probe  
  83  6:04  Probe  
  84  6:15  Immortal (Chrono Boost)  
  88  6:28  Adept, Stalker x2  
  92  6:54  Adept  
  92  7:00  Adept x2  
  90  7:09  Adept  
  81  7:16  Photon Cannon  
  81  7:18  Adept, Pylon  
  81  7:19  Pylon  
  73  7:30  Adept x2, Probe  
  73  7:32  Probe  
  79  7:39  Pylon  
  79  7:40  Pylon  
  79  7:41  Probe  
  79  7:44  Probe  
  81  7:45  Photon Cannon  
  81  7:52  Adept  
  81  7:53  Adept x2  
  81  7:54  Adept  
Tags
 
Add a new tag
Caveats
  • Supply blocks, unpowered buildings, or Contaminate may cause inaccurate times.
  • Supply counts are checked every 10 seconds.